 Dungeon Crawl Stone Soup version 0.30-a0-140-gd1020e658a (webtiles) character file.

Game seed: 3077386855994547912

161 themarg the Magician (level 5, -2/35 HPs)
             Began as a Djinni Fire Elementalist on Sept 24, 2022.
             Slain by a goblin
             ... wielding a +0 dagger
             ... led by Robin
              (6 damage)
             ... on level 3 of the Dungeon.
             The game lasted 00:07:00 (2621 turns).

themarg the Magician (Djinni Fire Elementalist)     Turns: 2621, Time: 00:07:00

Health: -2/35      AC:  2    Str:  7    XL:     5   Next: 70%
Gold:   64         EV: 12    Int: 18    God:
                   SH:  0    Dex: 14

rFire   + + .      SeeInvis .    j - +1 dagger (vamp)
rCold   x . .      Faith    .    (no shield)
rNeg    . . .      Spirit   .    a - +0 robe
rPois   ∞          Reflect  .    (no helmet)
rElec   .          Harm     .    (no cloak)
rCorr   .          Rampage  .    (no gloves)
Will    .....                    (boots unavailable)
Stlth   ++........               c - amulet of the acrobat
HPRegen 0.11/turn                (no ring)
MPRegen 0.00/turn                (no ring)

@: mighty, on blink cooldown, flying, very slightly contaminated
A: sickness immunity, fire resistance 2, cold vulnerability 1, float, innate
caster, HP casting, extra vitality 1
a: no special abilities


You were on level 3 of the Dungeon.
You visited 1 branch of the dungeon, and saw 3 of its levels.

You collected 64 gold pieces.

Inventory:

Hand Weapons
 j - a +1 vampiric dagger (weapon)
Missiles
 n - 4 curare-tipped darts
Armour
 a - a +0 robe (worn)
Jewellery
 c - an amulet of the acrobat (around neck)
Scrolls
 b - 2 scrolls of amnesia {unknown}
 d - 2 scrolls of summoning {unknown}
 e - a scroll of enchant armour {unknown}
 h - a scroll of teleportation {unknown}
 o - a scroll of immolation {unknown}
Potions
 f - a potion of magic {unknown}
 i - a potion of attraction {unknown}
 k - 2 potions of curing
 m - a potion of haste {unknown}


   Skills:
 - Level 2.2 Dodging
 - Level 3.0 Stealth
 + Level 4.0 Spellcasting


You couldn't memorise any spells.
You knew the following spells:

 Your Spells              Type           Power      Damage    Failure   Level
a - Foxfire               Conj/Fire      72%        2x1d7     2%          1
b - Scorch                Fire           36%        2d6       4%          2
c - Kindle Blastsparks    Fire/Tloc/Air  36%        2d13      9%          3
d - Inner Flame           Hex/Fire       18%        N/A       9%          3
e - Flame Wave            Conj/Fire      18%        2d7       28%         4
f - Sting                 Tmut/Pois      72%        1d6       2%          1
g - Blink                 Tloc           36%        N/A       4%          2
Your spell library was empty.

Dungeon Overview and Level Annotations

Branches:
Dungeon (3/15)

Altars:
Xom

Annotations:
D:3 Robin


Innate Abilities, Weirdness & Mutations

You are immune to sickness and miasma.
You are immune to poison.
Your flesh is very heat resistant. (rF++)
You are vulnerable to cold. (rC-)
You float through the air rather than walking.
You learn spells naturally, not from books.
Your magical power is your life essence.
You have superior vitality. (+4 MHP)


Message History

Flames lash the goblin.
You kill the goblin!
The goblin hits you with a +0 dagger. The goblin hits you with a +0 club.
Casting: Scorch (safe; 4% risk of failure)
Confirm with . or Enter, or press ? or * to list all spells.
Flames lash the goblin.
You kill the goblin!
Robin throws the goblin at you! The goblin hits you with a +0 club.
The goblin closely misses you.
Casting: Scorch (safe; 4% risk of failure)
Confirm with . or Enter, or press ? or * to list all spells.
Flames lash the goblin.
You kill the goblin!
The goblin closely misses you. The goblin hits you with a +0 club.
Casting: Scorch (safe; 4% risk of failure)
Confirm with . or Enter, or press ? or * to list all spells.
You blink.
A hobgoblin and 2 goblins come into view.
Found a stone staircase leading up.
* * * LOW HITPOINT WARNING * * *
The goblin hits you but does no damage. Robin throws the goblin at you!
* * * LOW HITPOINT WARNING * * *
Casting: Blink (safe; 4% risk of failure)
Confirm with . or Enter, or press ? or * to list all spells.
Okay, then.
As you read the scroll labelled BAYTTO KOSYNIO, it crumbles to dust.
It is a scroll of identify.
k - 2 potions of curing The goblin barely misses you.
The goblin closely misses you. The goblin hits you with a +0 dagger.
* * * LOW HITPOINT WARNING * * *
It was a potion of might.
You feel very mighty all of a sudden. The goblin misses you.
The goblin hits you with a +0 club.
* * * LOW HITPOINT WARNING * * *
The goblin closely misses you.
Robin roars a battlecry!
The goblins go into a battle-frenzy!
The goblin hits you with a +0 dagger.
You die...

#...#~_≈.~.~.^###
###.#.⌠.≈#~_~≈..⌠.#
#...###~._~.^.^~#..
#.### ##~.~♣♣.~####
#)# ##♣≈♣^.## #g#
##⌠### ### #g# #.
.<...#g## # #.gg@#
...g.g#gg#
.##......# #..#.#.#
## #..#. .. .. #.
... ..# ## ..# .##


You could see Robin, 2 hobgoblins and 6 goblins.

Vanquished Creatures
  2 orc priests
  An orc wizard (D:2)
  3 adders (D:2)
  3 dart slugs
  2 orcs (D:2)
  4 ball pythons
  3 bats
  2 endoplasms
  3 giant cockroaches
  7 goblins
  2 hobgoblins
  2 quokkas
  2 frilled lizards
  4 kobolds
  5 rats
45 creatures vanquished.

Vanquished Creatures (others)
  78 foxfires
78 creatures vanquished.

Grand Total: 123 creatures vanquished

Notes
Turn   | Place    | Note
-------+----------+-------------------------------------------
     0 | D:1      | themarg the Djinni Fire Elementalist began the quest for
                  | the Orb.
     0 | D:1      | themarg set off with the following spells memorised:
                  | Foxfire, Scorch, Kindle Blastsparks, Inner Flame, Flame
                  | Wave.
     0 | D:1      | Reached XP level 1. HP: 15/15 MP: 0/0
   290 | D:1      | Reached XP level 2. HP: 18/21 MP: 0/0
  1048 | D:1      | Reached XP level 3. HP: 22/25 MP: 0/0
  1048 | D:1      | Learned a level 1 spell: Sting
  1482 | D:2      | Reached skill level 3 in Spellcasting
  1563 | D:2      | Reached XP level 4. HP: 20/31 MP: 0/0
  1865 | D:2      | Found a shimmering altar of Xom.
  2082 | D:2      | Reached XP level 5. HP: 32/35 MP: 0/0
  2082 | D:2      | Learned a level 2 spell: Blink
  2088 | D:2      | Reached skill level 4 in Spellcasting
  2529 | D:3      | Found a faded altar of an unknown god.
  2563 | D:3      | Found a shimmering altar of Xom.
  2566 | D:3      | Found a shimmering altar of Xom.
  2567 | D:3      | Found a shimmering altar of Xom.
  2612 | D:3      | Noticed Robin
  2621 | D:3      | Slain by a goblin

Illustrated notes

Levels and vault maps discovered:
D:1:      giann_horns, layout_basic
D:2:      layout_basic, basic_altar
D:3:      layout_loops_ring, xom_redecorated,
          hellmonk_ecumenical_altar_leap_of_faith, uniq_robin

Skill      XL: |  1  2  3  4  5 |
---------------+----------------+-----
Stealth        | 2 3 |  3.0
Spellcasting   | 3 4 |  4.0
Dodging        | |  2.2

Action                   |  1- 3 |  4- 6 || total
-------------------------+-------+-------++-------
Melee: Short sword       |     1 |       ||     1
       Dagger            |       |     1 ||     1
 Cast: Foxfire           |    37 |    11 ||    48
       Scorch            |    13 |    16 ||    29
       Blink             |       |     1 ||     1
  Use: Scroll            |       |     1 ||     1
       Potion            |       |     1 ||     1
Armor: Robe              |       |     5 ||     5
Dodge: Dodged            |     2 |     8 ||    10

Table legend: (Time is in decaauts)
 A = Elapsed time spent in this place.
 B = Non-inter-level travel time spent in this place.
 C = Inter-level travel time spent in this place.
 D = Time resting spent in this place.
 E = Time spent auto-exploring this place.
 F = Levels seen in this place.
 G = Mean time per level.
                   A        B        C        D        E       F      G
               +--------+--------+--------+--------+--------+-----+--------+
         Total |   2620 |   2562 |     58 |    737 |   1524 |   3 |  873.3 |
       Dungeon |   2620 |   2562 |     58 |    737 |   1524 |   3 |  873.3 |
               +--------+--------+--------+--------+--------+-----+--------+

Top non-repeatable levels by time:
     D:1: 1348 daAuts
     D:2: 1048 daAuts
     D:3: 223 daAuts
